 Dungeon Crawl Stone Soup version 0.31.0-32-g396128a36d (webtiles) character file.

Game seed: 3844600626074929481

221 melchizedek the Sneak (level 6, -1/36 HPs)
             Began as a Kobold Warper on Apr 17, 2024.
             Succumbed to a scorpion's poison
             ... on level 4 of the Dungeon.
             The game lasted 00:08:14 (4008 turns).

melchizedek the Sneak (Kobold Warper)               Turns: 4008, Time: 00:08:14

Health: -1/36      AC:  4    Str:  7 (9)  XL:     6   Next: 19%
Magic:  9/9        EV: 14    Int: 11 (14) God:
Gold:   139        SH:  0    Dex: 13 (16) Spells: 8/10 levels left

rFire   . . .        a - +0 short sword
rCold   . . .        (no shield)
rNeg    . . .        b - +0 leather armour
rPois   .            x - +0 helmet
rElec   .            (no cloak)
rCorr   .            (no gloves)
SInv    .            (no boots)
Will    .....        (no amulet)
Stlth   +++          (no ring)
HPRegen 0.26/turn    (no ring)
MPRegen 0.11/turn

%: no passive effects
@: lethally poisoned (-1 -> -12)
A: small, no large weapons, nightstalker 3
a: no special abilities


You were on level 4 of the Dungeon.
You visited 1 branch of the dungeon, and saw 4 of its levels.

You collected 139 gold pieces.

Inventory:

Hand Weapons
 a - a +0 short sword (weapon)
Missiles
 d - 6 darts of dispersal
 l - 18 stones
 v - 6 atropa-tipped darts
 z - 11 poisoned darts (quivered)
Armour
 b - a +0 leather armour (worn)
 p - a +0 kite shield
 x - a +0 helmet (worn)
Jewellery
 k - a ring of willpower
Talismans
 r - a serpent talisman
 y - a blade talisman
Wands
 C - a wand of paralysis (3)
Scrolls
 c - a scroll of blinking
 g - a scroll of brand weapon {unknown}
 i - 2 scrolls of immolation {unknown}
 j - 3 scrolls of identify {unknown}
 m - a scroll of enchant armour {unknown}
 t - 2 scrolls of noise {unknown}
 u - 2 scrolls of teleportation {unknown}
 w - a scroll of butterflies {unknown}
Potions
 e - a potion of heal wounds {unknown}
 f - a potion of lignification {unknown}
 h - 2 potions of degeneration
 n - a potion of brilliance {unknown}
 o - a potion of curing {unknown}
 q - a potion of might {unknown}
 s - a potion of cancellation {unknown}
 A - a potion of enlightenment {unknown}
 B - a potion of berserk rage {unknown}


   Skills:
 - Level 2.8 Fighting
 - Level 4.2 Short Blades
 + Level 1.2 Throwing
 - Level 1.4 Armour
 - Level 3.2 Dodging
 * Level 4.6 Stealth
 * Level 2.6 Spellcasting
 * Level 3.3 Translocations


You had 8 spell levels left.
You knew the following spells:

 Your Spells              Type           Power      Damage    Failure   Level
a - Blink                 Tloc           16%        N/A       16%         2

Your spell library contained the following spells:

 Spells                   Type           Power      Damage    Failure   Level
 Lesser Beckoning         Tloc           16%        N/A       16%         2
 Teleport Other           Tloc           8%         N/A       30%         3
 Sublimation of Blood     Necr           1%         N/A       52%         2
 Manifold Assault         Tloc           8%         N/A       69%         4
 Ozocubu's Armour         Ice            1%         N/A       77%         3
 Vhi's Electric Charge    Tloc/Air       10%        N/A       90%         4
 Petrify                  Alch/Erth      1%         N/A       99%         4
 Arcjolt                  Conj/Air       0%         1d10      100%        5
 Irradiate                Conj/Alch      0%         3d11      100%        5
 Metabolic Englaciation   Hex/Ice        0%         N/A       100%        5
 Plasma Beam              Fire/Air       0%         2x1d10    100%        6
 Sculpt Simulacrum        Ice/Alch       0%         N/A       100%        6


Dungeon Overview and Level Annotations

Branches:
Dungeon (4/15)
 Temple: D:4-7

Altars:
Vehumet

Shops:
D:1 *

Annotations:
D:2 1 runed translucent door, Crazy Yiuf


Innate Abilities, Weirdness & Mutations

You are small and have problems with some larger weapons.
You are completely attuned to the shadows.


Message History

You feel sick. The scorpion completely misses you.
You closely miss the scorpion.
The scorpion is lightly wounded.
You feel sick.
The scorpion stings you but does no damage.
You closely miss the scorpion.
The scorpion is lightly wounded.
You feel sick. The scorpion barely misses you.
You hit the scorpion.
The scorpion is lightly wounded.
You feel sick. The scorpion barely misses you.
You hit the scorpion but do no damage.
The scorpion is lightly wounded.
You feel sick.
You hit the scorpion.
The scorpion is moderately wounded.
You feel sick. The scorpion stings you.
You hit the scorpion.
The scorpion is heavily wounded.
The scorpion closely misses you.
You hit the scorpion.
The scorpion is severely wounded.
You feel sick. The scorpion barely misses you.
You hit the scorpion.
The scorpion is almost dead.
You feel sick. The scorpion stings you.
* * * LOW HITPOINT WARNING * * *
You are lethally poisoned!
The scorpion poisons you!
You closely miss the scorpion.
The scorpion is almost dead.
* * * LOW HITPOINT WARNING * * *
You feel very sick. The scorpion stings you.
* * * LOW HITPOINT WARNING * * *
Unknown command.
It was a potion of degeneration.
There was something very wrong with that liquid.
You feel weakened.
You feel dopey.
You feel clumsy.
You die...

#.# .... #. #.#
#...###. #.#
##...##.. #.#
##........ #.#
#..>....#. #.#
#.......#. #####.###
#.......#.
#........###.....###
#..@.....##.......##
#?s......##.........
#........##.......##
#................##
#.....o..####...##
###.# ###


You could see a scorpion and an orc (wandering).

Vanquished Creatures
  2 hounds (D:4)
  An iguana (D:4)
  7 adders
  2 dart slugs
  An orc (D:3)
  6 endoplasms
  7 giant cockroaches
  7 goblins
  5 hobgoblins
  2 jackals (D:4)
  5 quokkas
  6 ball pythons
  3 bats
  2 frilled lizards (D:2)
  6 kobolds
  10 rats
72 creatures vanquished.

Notes
Turn   | Place    | Note
-------+----------+-------------------------------------------
     0 | D:1      | melchizedek the Kobold Warper began the quest for the Orb.
     0 | D:1      | Reached XP level 1. HP: 12/12 MP: 3/3
   174 | D:1      | Reached XP level 2. HP: 15/18 MP: 5/5
   235 | D:1      | Learned a level 2 spell: Blink
   257 | D:1      | Reached skill level 1 in Stealth
   287 | D:1      | Found Amaepp's General Store.
   488 | D:1      | Reached XP level 3. HP: 19/22 MP: 6/6
  1026 | D:2      | Found a runed translucent door.
  1029 | D:2      | Noticed Crazy Yiuf
  1464 | D:2      | Reached skill level 1 in Armour
  1547 | D:2      | Reached XP level 4. HP: 27/27 MP: 7/7
  2670 | D:3      | Found a radiant altar of Vehumet.
  2830 | D:3      | Reached XP level 5. HP: 31/31 MP: 8/8
  3251 | D:4      | Noticed a black bear
  3650 | D:4      | Reached XP level 6. HP: 16/36 MP: 9/9
  4007 | D:4      | HP: 1/36 [scorpion (6)]
  4008 | D:4      | Succumbed to a scorpion's poison

Illustrated notes

Levels and vault maps discovered:
D:1:      ebering_trefoil_3fold, layout_basic, serial_shops, shop,
          chequers_serial_rivers_small_a, minmay_tetromino_s2
D:2:      layout_basic, uniq_crazy_yiuf_cottage
D:3:      layout_loops_ring, nicolae_vehumet_radiance, minmay_misc_feat_hallway
D:4:      layout_rooms, st_stairs_13, uniq_eustachio

Skill      XL: |  1  2  3  4  5 |
---------------+----------------+-----
Stealth        | 1 2 3 4 |  4.6
Short Blades   | 3 4 |  4.2
Dodging        | 3 |  3.2
Armour         | 1 |  1.4
Fighting       | |  2.8
Throwing       | |  1.2
Spellcasting   | |  2.6
Translocations | |  3.3

Action                     |  1- 3 |  4- 6 || total
---------------------------+-------+-------++-------
  Melee: Short sword       |   116 |   206 ||   322
         Punch             |     1 |       ||     1
  Throw: Dart              |       |     6 ||     6
   Cast: Blink             |       |     3 ||     3
    Use: Potion            |       |     1 ||     1
   Stab: Sleeping          |     9 |     9 ||    18
         Distracted        |     1 |       ||     1
 Armour: Leather armour    |    37 |    63 ||   100
  Dodge: Dodged            |    66 |   114 ||   180
